 Dungeon Crawl Stone Soup version 0.32-a0-172-gc5dd13f2a7 (webtiles) character file.

Game seed: 4533738437024107351

206 Dittersdorf the Trooper (level 5, -3/34 HPs)
             Began as a Gargoyle Fighter on Feb 12, 2024.
             Slain by Pikel
             ... wielding a +1 whip of flaming
              (10 damage)
             ... on level 4 of the Dungeon.
             The game lasted 00:03:30 (2544 turns).

Dittersdorf the Trooper (Gargoyle Fighter)          Turns: 2544, Time: 00:03:30

Health: -3/34      AC: 14    Str: 22    XL:     5   Next: 84%
Magic:  5/5        EV:  9    Int:  8    God:
Gold:   103        SH:  4    Dex:  9    Spells: 4/4 levels left

rFire   . . .        k - +10 spear of Ashenzari's Approval {elec, +Blink Fly rC+ rCorr}
rCold   + . .        c - +0 buckler
rNeg    + . .        b - +0 scale mail
rPois   ∞            h - +2 helmet
rElec   +            (no cloak)
rCorr   +            (no gloves)
SInv    .            (no boots)
Will    .....        (no amulet) Stlth
                     (no ring)
HPRegen 0.25/turn    (no ring)
MPRegen 0.09/turn

%: no passive effects
@: flying
A: sickness immunity, AC +4, negative energy resistance 1, electricity
resistance, torment resistance 1, petrification resistance
a: Evoke Blink


You were on level 4 of the Dungeon.
You visited 1 branch of the dungeon, and saw 4 of its levels.

You collected 163 gold pieces.
You spent 60 gold pieces at shops.

Inventory:

Hand Weapons
 a - a +0 flail
 k - the +10 spear of Ashenzari's Approval (weapon) {elec, +Blink Fly rC+ rCorr}
   (You found it on level 2 of the Dungeon)

   rC+:       It protects you from cold.
   Fly:       It grants you flight.
   +Blink:    It lets you blink.
   rCorr:     It protects you from acid and corrosion.
Missiles
 j - 5 curare-tipped darts (quivered)
Armour
 b - a +0 scale mail (worn)
 c - a +0 buckler (worn)
 h - a +2 helmet (worn)
Jewellery
 q - a ring of ice
Wands
 e - a wand of iceblast (7)
Scrolls
 f - 2 scrolls of fear
 l - a scroll of butterflies
 m - 2 scrolls of teleportation
 p - 2 scrolls of blinking {unknown}
Potions
 d - 3 potions of might
 i - a potion of degeneration {unknown}
 n - a potion of heal wounds
 r - a potion of ambrosia {unknown}


   Skills:
 + Level 4.5 Fighting
 - Level 2.4 Maces & Flails
 + Level 1.8 Polearms
 + Level 4.4 Armour
 + Level 4.4 Shields


You had 4 spell levels left.
You didn't know any spells.
Your spell library contained the following spells:

 Spells                   Type           Power      Damage    Failure   Level
 Blink                    Tloc           0%         N/A       90%         2
 Lesser Beckoning         Tloc           0%         N/A       90%         2
 Momentum Strike          Conj/Tloc      0%         3d8       90%         2
 Gell's Gravitas          Tloc           0%         N/A       99%         3
 Inner Flame              Hex/Fire       0%         N/A       99%         3
 Teleport Other           Tloc           0%         N/A       99%         3
 Flame Wave               Conj/Fire      0%         2d4       100%        4
 Sticky Flame             Fire/Alch      0%         2d4       100%        4
 Dispersal                Tloc           0%         N/A       100%        6


Dungeon Overview and Level Annotations

Branches:
Dungeon (4/15)
 Temple: D:4-7

Altars:
Cheibriados

Shops:
D:1 *   D:2 [?:!   D:4 (

Annotations:
D:4 Pikel


Innate Abilities, Weirdness & Mutations

You are immune to sickness and miasma.
Your stone body is resilient. (AC +4)
You are immune to poison.
You resist negative energy. (rN+)
You are resistant to electric shocks. (rElec)
You are resistant to unholy torment.
You are immune to petrification.


Message History

You are too injured to fight recklessly!
You are too injured to fight recklessly!
You are too injured to fight recklessly!
You are too injured to fight recklessly!
You are too injured to fight recklessly!
You are too injured to fight recklessly!
You are too injured to fight recklessly!
You are too injured to fight recklessly!
You are too injured to fight recklessly!
Pikel attacks as he pursues you!
Pikel hits you with a +1 whip of flaming.
Pikel burns you. The lemure attacks as it pursues you!
The lemure barely misses you.
You see here a hound corpse.
The lemure attacks as it pursues you! The lemure hits you.
Pikel attacks as he pursues you! Pikel hits you but does no damage.
Things that are here:
a +0 short sword; an orc corpse
Items here: ) / [ †.
You puncture the lemure!
The lemure is moderately wounded.
You block the lemure's attack.
You hit the lemure. Lightning courses through the lemure!
You kill the lemure!
That felt strangely unrewarding.
You puncture Pikel! Lightning courses through Pikel!
Pikel is severely wounded.
Pikel hits you with a +1 whip of flaming.
* * * LOW HITPOINT WARNING * * *
Pikel burns you.
* * * LOW HITPOINT WARNING * * *
You hit Pikel but do no damage.
Pikel is severely wounded.
Pikel checks his coin pouch and frowns.
Pikel hits you but does no damage.
You completely miss Pikel.
Pikel is severely wounded.
Pikel hits you with a +1 whip of flaming!
You die...
Pikel says, "See you in Hell!"

#....,*#.###..>..#.# *,*
#...#**#...........#**,* #...#
#.)##.....#,,,,,*
#...####..##.....#,*,***
#..............###.*,*
########.#.####.†)........#,*
**#...............K.#########,*
.....#.###.#.#####).# *,*
###.##.# #.#....@K..#######**,*
#.*#.# #.#....##>........,,,*
###.##.###.#.)...##.#######****
###.#..###..........#
###.#....ß##.....####
###.#.....##....##
.......>..##.#.##
##........##.#.#
#....∩....##.#.#


You could see Pikel.

Vanquished Creatures
  4 lemures (D:4)
  A hound (D:4)
  Terence (D:2)
  An iguana (D:3)
  Ijyb (D:4)
  4 adders
  2 dart slugs
  3 orcs
  3 bats
  An endoplasm (D:1)
  3 giant cockroaches
  6 goblins
  7 hobgoblins
  2 jackals (D:4)
  2 quokkas
  8 ball pythons
  A frilled lizard (D:1)
  6 kobolds
  4 rats (D:1)
60 creatures vanquished.

Notes
Turn   | Place    | Note
-------+----------+-------------------------------------------
     0 | D:1      | Dittersdorf the Gargoyle Fighter began the quest for the
                  | Orb.
     0 | D:1      | Reached XP level 1. HP: 14/14 MP: 1/1
   110 | D:1      | Reached XP level 2. HP: 19/19 MP: 2/2
   316 | D:1      | Found Ecwokhug's Assorted Antiques.
   565 | D:1      | Reached XP level 3. HP: 23/23 MP: 3/3
   731 | D:2      | Found Reum's Magic Scroll Shoppe.
   811 | D:2      | Identified the +10 spear of Ashenzari's Approval {elec,
                  | +Blink Fly rC+ rCorr}
   832 | D:2      | Noticed a walking earthen tome
   868 | D:2      | Noticed a walking crystal tome
   869 | D:2      | Found Zomar's Book Emporium.
  1003 | D:2      | Noticed Terence
  1007 | D:2      | Killed Terence
  1008 | D:2      | Reached XP level 4. HP: 29/29 MP: 4/4
  1025 | D:2      | Found Xifoit's Distillery.
  1033 | D:2      | Bought a potion of heal wounds for 60 gold pieces
  1356 | D:2      | Found a faded altar of an unknown god.
  1443 | D:2      | Found Myad's Armour Boutique.
  1649 | D:3      | Reached skill level 1 in Polearms
  1710 | D:3      | Found a snail-covered altar of Cheibriados.
  1722 | D:3      | Reached XP level 5. HP: 26/33 MP: 5/5
  2178 | D:4      | Found Kametabb's Weapon Shop.
  2447 | D:4      | Noticed Ijyb
  2447 | D:4      | Noticed a lemure
  2448 | D:4      | Noticed a lemure
  2455 | D:4      | Killed Ijyb
  2459 | D:4      | Killed a lemure
  2468 | D:4      | Killed a lemure
  2518 | D:4      | Noticed a lemure
  2523 | D:4      | Noticed Pikel
  2525 | D:4      | Noticed a lemure
  2532 | D:4      | Killed a lemure
  2541 | D:4      | Killed a lemure
  2544 | D:4      | Slain by Pikel

Illustrated notes

Levels and vault maps discovered:
D:1:      lightli_arrival_statue_moat, layout_loops_cross, serial_shops, shop
D:2:      layout_loops_corners, shapermc_ecumenical_altar_flowoftime,
          serial_shops, nicolae_shop_mannequins, nicolae_shop_peninsula, shop,
          shop, uniq_terence
D:3:      layout_rooms, cheibriados_altar_1
D:4:      minmay_bubble_buster, layout_loops_ring, nicolae_stop_n_shop_1,
          uniq_pikel, uniq_ijyb

Skill      XL: |  1  2  3  4 |
---------------+-------------+-----
Fighting       | 4 |  4.5
Polearms       | 1 |  1.8
Armour         | 4 |  4.4
Shields        | 4 |  4.4
Maces & Flails | |  2.4

Action                     |  1- 3 |  4- 6 || total
---------------------------+-------+-------++-------
  Melee: Flail             |    74 |       ||    74
         Spear             |    16 |    93 ||   109
    Use: Scroll            |       |     6 ||     6
 Armour: Scale mail        |    56 |    52 ||   108
  Dodge: Dodged            |    50 |    25 ||    75
  Block: Buckler           |    16 |    15 ||    31

Table legend: (Time is in decaauts)
 A = Elapsed time spent in this place.
 B = Non-inter-level travel time spent in this place.
 C = Inter-level travel time spent in this place.
 D = Time resting spent in this place.
 E = Time spent auto-exploring this place.
 F = Levels seen in this place.
 G = Mean time per level.
                   A        B        C        D        E       F      G
               +--------+--------+--------+--------+--------+-----+--------+
         Total |   2574 |   2455 |    119 |    266 |   1759 |   4 |  643.5 |
       Dungeon |   2574 |   2455 |    119 |    266 |   1759 |   4 |  643.5 |
               +--------+--------+--------+--------+--------+-----+--------+

Top non-repeatable levels by time:
     D:2: 867 daAuts
     D:1: 764 daAuts
     D:3: 529 daAuts
     D:4: 412 daAuts
